 Dungeon Crawl Stone Soup version 0.17.1-1-g73c8601 (webtiles) character file.

157 Glider the Insei (level 5, 0/49 HPs)
             Began as an Octopode Transmuter on Dec 29, 2015.
             Was an Initiate of Ashenzari.
             Slain by an adder (2 damage)
             ... on level 3 of the Dungeon.
             The game lasted 00:08:14 (3140 turns).

Glider the Insei (Octopode Transmuter)              Turns: 3140, Time: 00:08:14

Health: 0/49       AC: 22    Str: 10      XL:     5   Next: 38%
Magic:  8/8        EV:  2    Int: 13 (17) God:    Ashenzari [......]
Gold:   149        SH:  0    Dex: 13      Spells: 3 memorised, 2 levels left

rFire  . . .     SeeInvis .     y - -2 dagger (curse)
rCold  . . .     Clarity  .     (no shield)
rNeg   + + +     SustAt   .     (helmet currently unavailable)
rPois  +         Gourm    .     (no amulet)
rElec  .         Spirit   .     o - ring of invisibility
rCorr  .         Warding  .     q - +2 ring of intelligence
rMut   .         NoTele   +     (no ring)
MR     .....                    (no ring)
Stlth  +.........               (no ring)
                                (no ring)
                                (no ring)
                                (no ring)

@: lethally poisoned (0 -> -2), tree-form, very slightly contaminated,
invisible, not resistant to hostile enchantments, very unstealthy
A: almost no armour, amphibious, 8 rings, (constrict 8), (camouflage 0),
(gelatinous body 0)
a: Renounce Religion


You were on level 3 of the Dungeon.
You worshipped Ashenzari.
Ashenzari was noncommittal.
You were not hungry.
You were a tree.
You visited 1 branch of the dungeon, and saw 3 of its levels.

You collected 149 gold pieces.

Inventory:

Hand Weapons
 d - a +0 dagger
 x - a +0 rapier
 y - a cursed -2 dagger (weapon)
Missiles
 a - 18 arrows
 k - 13 arrows of frost
Jewellery
 o - a ring of invisibility (left branch)
 q - a +2 ring of intelligence (right branch)
Scrolls
 i - a scroll of enchant weapon {unknown}
 j - 3 scrolls of identify {unknown}
 l - a scroll of amnesia {unknown}
 m - a scroll of blinking {unknown}
 n - a scroll of immolation {unknown}
 p - 2 scrolls of noise {unknown}
 z - a scroll of fear {unknown}
Potions
 r - a potion of cure mutation {unknown}
 u - a potion of ambrosia {unknown}
 w - a potion of flight {unknown}
Books
 b - a book of Changes

   Spells                             Type                      Level
   a - Beastly Appendage              Transmutation                1
   b - Sticks to Snakes               Transmutation                2
   c - Spider Form                    Transmutation/Poison         3
   d - Ice Form                       Ice/Transmutation            4
   e - Blade Hands                    Transmutation                5
Comestibles
 c - a bread ration
 s - a slice of pizza
 t - 2 beef jerkies
 v - 9 chunks of flesh


   Skills:
 - Level 1.0 Fighting
 - Level 2.0 Dodging
 * Level 5.5 Unarmed Combat
 - Level 2.0 Spellcasting
 * Level 2.7 Transmutations


You had 2 spell levels left.
You knew the following spells:

 Your Spells              Type           Power        Failure   Level  Hunger
a - Beastly Appendage     Trmt           #.....       10%         1    ##.....
b - Sticks to Snakes      Trmt           #.........   14%         2    ###....
c - Spider Form           Trmt/Pois      #.........   52%         3    ####...


Dungeon Overview and Level Annotations

Branches:
Dungeon (3/15)

Altars:
Ashenzari
Elyvilon
Fedhas
Okawaru
Sif Muna


Innate Abilities, Weirdness & Mutations

You cannot wear most types of armour.
You are amphibious.
You can wear up to eight rings at the same time.
((You can use your tentacles to constrict eight enemies at once.))
((Your skin changes colour to match your surroundings (Stealth).))
((Your rubbery body absorbs attacks (AC +1).))


Message History

The adder bites you but does no damage.
Drink which item? (? for menu, Esc to quit)
It was a potion of degeneration.
There was something very wrong with that liquid.
You feel dopey. The adder bites you but does no damage.
Drink which item? (? for menu, Esc to quit)
It was a potion of invisibility.
You fade into invisibility!
* * * LOW HITPOINT WARNING * * *
You feel sick. The adder barely misses you.
You are very lightly contaminated with residual magic.
You cannot move.
You miss the adder. The adder bites you but does no damage.
The adder bites you but does no damage.
Drink which item? (? for menu, Esc to quit)
It was a potion of magic.
Magic courses through your body.
* * * LOW HITPOINT WARNING * * *
You feel sick. The adder bites you.
You die...

#...#.....# #...#...#
#####.....#......#...#
.......####....###.).#
....##### #.... #..(#
........# #.... ##÷..####
........# #.... #.........
........###....##.#.#.#.#.
#.......##................
#.......##......♣...⌠.....
#.......##.....S......._..
#.......##..........⌠.....
#.......##...............
#.......##........#.#.#.#
###'#############........
#.# ######### #.# #.#


You could see an adder.

Vanquished Creatures
  Jessica (D:2)
  Terence (D:3)
  4 adders
  2 oozes
  2 worms (D:2)
  A giant gecko (D:2)
  3 ball pythons (D:2)
  6 bats
  7 goblins
  8 hobgoblins
  4 jackals (D:1)
  7 kobolds
  2 quokkas
  A giant newt (D:2)
  10 rats
59 creatures vanquished.

Notes
Turn   | Place    | Note
--------------------------------------------------------------
     0 | D:1      | Glider the Octopode Transmuter began the quest for the Orb.
     0 | D:1      | Reached XP level 1. HP: 13/13 MP: 3/3
   431 | D:1      | Reached XP level 2. HP: 18/18 MP: 5/5
   814 | D:1      | Learned a level 2 spell: Sticks to Snakes
  1047 | D:1      | Reached skill level 4 in Unarmed Combat
  1092 | D:1      | Reached XP level 3. HP: 21/23 MP: 6/6
  1770 | D:2      | Learned a level 3 spell: Spider Form
  1835 | D:2      | Noticed Jessica
  1852 | D:2      | Killed Jessica
  1852 | D:2      | Reached XP level 4. HP: 7/28 MP: 1/7
  2465 | D:2      | Reached skill level 5 in Unarmed Combat
  2728 | D:3      | Found a deep blue altar of Sif Muna.
  2733 | D:3      | Found a blossoming altar of Fedhas.
  2735 | D:3      | Found an iron altar of Okawaru.
  2768 | D:3      | Found a shattered altar of Ashenzari.
  2776 | D:3      | Became a worshipper of Ashenzari the Shackled
  2824 | D:3      | Reached XP level 5. HP: 30/33 MP: 8/8
  3095 | D:3      | Noticed Terence
  3105 | D:3      | Killed Terence
  3111 | D:3      | Found a white marble altar of Elyvilon.
  3140 | D:3      | HP: 2/49 [poisoned by an adder]
  3140 | D:3      | Slain by an adder

Action                   |  1- 3 |  4- 6 || total
-------------------------+-------+-------++-------
Melee: Dagger            |    76 |    76 ||   152
       Unarmed           |     8 |       ||     8
       Rapier            |       |    11 ||    11
 Cast: Sticks to Snakes  |     2 |       ||     2
  Use: Potion            |       |     4 ||     4
 Stab: Sleeping          |     4 |     6 ||    10
  Eat: Chunk             |     3 |     4 ||     7
